 Dungeon Crawl Stone Soup version 0.27-a0-637-g3a9f0a9c12 (webtiles) character file.

Game seed: 10266184066942861345

630 Dreamer the Insei (level 7, -11/44 HPs)
             Began as an Octopode Transmuter on Mar 15, 2021.
             Was a Believer of Cheibriados.
             Shot with an arrow by a centaur (14 damage)
             ... on level 6 of the Dungeon.
             The game lasted 00:27:44 (6913 turns).

Dreamer the Insei (Octopode Transmuter)             Turns: 6913, Time: 00:27:45

Health: -11/44     AC:  1    Str: 15    XL:     7   Next: 48%
Magic:  10/10      EV: 14    Int: 20    God:    Cheibriados [**....]
Gold:   69         SH:  0    Dex: 16    Spells: 5/10 levels left

rFire    . . .     SeeInvis .   e - +1 short sword (venom)
rCold    + . .     Faith    .   (no shield)
rNeg     . . .     Spirit   .   (helmet restricted)
rPois    +         Reflect  .   (no amulet)
rElec    .         Harm     .   (no ring)
rCorr    .         Rampage  .   (no ring)
Will     .....                  (no ring)
Stlth    ++++......             (no ring)
HPRegen  0.14/turn              (no ring)
MPRegen  0.12/turn              (no ring)
                                (no ring)
                                (no ring)

@: very slow
A: almost no armour, amphibious, 8 rings, camouflage 1, gelatinous body 1,
nimble swimmer 1, tentacles, cold resistance 1, sense surroundings 1, poison
resistance
a: Renounce Religion, Bend Time


You were on level 6 of the Dungeon.
You worshipped Cheibriados.
Cheibriados was pleased with you.
You visited 1 branch of the dungeon, and saw 6 of its levels.
You also visited: Ossuary.

You collected 153 gold pieces.
You spent 84 gold pieces at shops.

Inventory:

Hand Weapons
 e - a +1 short sword of venom (weapon)
Armour
 h - a +0 tower shield
Wands
 d - a wand of acid (11)
 f - a wand of random effects (15)
Scrolls
 a - 3 scrolls of teleportation {unknown}
 b - a scroll of random uselessness {unknown}
 c - 4 scrolls of enchant weapon {unknown}
 i - 2 scrolls of fear {unknown}
 j - 3 scrolls of noise {unknown}
 l - a scroll of silence {unknown}
 m - 2 scrolls of fog {unknown}
 p - a scroll of magic mapping {unknown}
 r - a scroll of enchant armour {unknown}
 v - 2 scrolls of identify
 w - a scroll of immolation {unknown}
Potions
 g - a potion of flight
 n - a potion of might
 o - a potion of cancellation
 q - 5 potions of curing
 s - 2 potions of lignification
 t - a potion of brilliance
 u - a potion of ambrosia
 x - a potion of attraction


   Skills:
 + Level 1.7 Fighting
 + Level 3.7 Dodging
 + Level 4.4 Stealth
 - Level 5.0 Unarmed Combat
 - Level 2.0 Spellcasting
 * Level 4.9 Transmutations


You had 5 spell levels left.
You knew the following spells:

 Your Spells              Type           Power      Damage    Failure   Level
a - Beastly Appendage     Tmut           42%        N/A       1%          1
b - Ice Form              Ice/Tmut       11%        N/A       50%         4

Your spell library contained the following spells:

 Spells                   Type           Power      Damage    Failure   Level
 Wereblood                Tmut           21%        N/A       3%          2
 Spider Form              Tmut/Pois      5%         N/A       17%         3
 Blade Hands              Tmut           10%        N/A       50%         5


Dungeon Overview and Level Annotations

Branches:
Dungeon (6/15)             Temple (0/1) D:6         Ossuary (visited)

Altars:
Cheibriados
Nemelex Xobeh
Sif Muna
Vehumet

Shops:
D:4 ?[

Annotations:
D:5 exclusion: ogre


Innate Abilities, Weirdness & Mutations

You cannot wear most types of armour.
You are amphibious.
You can wear up to eight rings at the same time.
Your skin changes colour to match your surroundings (Stealth+).
Your rubbery body absorbs attacks. (AC +1, EV +1)
You are stealthy while swimming. (Stealth+)
You have tentacles for arms and can constrict up to eight enemies at once.
Your flesh is cold resistant. (rC+)
You passively map a small area around you.
Your system is resistant to poisons. (rPois)


Message History

The bullfrog zombie is moderately damaged.
You constrict the bullfrog zombie.
The bullfrog zombie completely misses you.
You hit the bullfrog zombie.
The bullfrog zombie is severely damaged.
You constrict the bullfrog zombie.
The bullfrog zombie barely misses you. x2
You hit the bullfrog zombie. You squeeze the bullfrog zombie.
The bullfrog zombie is almost destroyed.
You constrict the bullfrog zombie.
You destroy the bullfrog zombie!
Cheibriados thoroughly appreciates the change of pace.
The adder zombie bites you. The adder zombie completely misses you.
You barely miss the adder zombie. Your grab misses the adder zombie.
The adder zombie closely misses you.
You hit the adder zombie but do no damage.
You grab the adder zombie. Your squeeze misses the adder zombie.
You constrict the adder zombie. The adder zombie bites you.
You hit the adder zombie.
Your tentacle-slap misses the adder zombie.
The adder zombie is heavily damaged.
You constrict the adder zombie. The adder zombie bites you.
You hit the adder zombie. You squeeze the adder zombie.
The adder zombie is severely damaged.
You constrict the adder zombie. The adder zombie completely misses you.
The adder zombie barely misses you.
You hit the adder zombie.
You destroy the adder zombie!
Cheibriados appreciates the change of pace.
You start resting.
You hear the slow rusting of a very distant drain.
Found 21 gold pieces and a scroll labelled AREIPH POEXE.
A centaur comes into view.
The centaur wields a +0 shortbow.
The centaur shoots an arrow.
The arrow hits you!
The centaur shoots an arrow.
The arrow hits you.
The centaur shoots an arrow.
The arrow hits you!
The centaur shoots an arrow.
The arrow hits you!
* * * LOW HITPOINT WARNING * * *
The centaur shoots an arrow.
The arrow hits you!
You die...

###.....##*
####.....$## , ##
##..#..........
##.##.....##.##.#.#
#...#.......## .# #
#............#.$#
##.............#*
##..........#.# *
###...@......#.#*
#.....##......... ,
###.#.#......c.$.
#..#...P........
#..#........$...
#......P...!....
#.............?.
###...##...#.... **
#####*#.##...


You could see a centaur.

Vanquished Creatures
  A bullfrog zombie (D:6)
  2 hounds
  2 jellies (D:5)
  Crazy Yiuf (D:5)
  3 orc wizards (D:3)
  3 worker ants
  13 mummies (Ossuary)
  An adder (D:3)
  A shadow imp (D:5)
  A white imp (D:5)
  An adder zombie (D:6)
  3 worms
  3 leopard geckos
  8 orcs
  9 giant cockroaches
  6 goblins
  8 hobgoblins
  3 jackals (D:3)
  4 quokkas
  A ball python (D:2)
  11 bats
  4 frilled lizards
  3 gnoll skeletons (Ossuary)
  A goblin skeleton (Ossuary)
  10 kobolds
  3 kobold skeletons (Ossuary)
  An orc skeleton (Ossuary)
  4 rats
  11 rat skeletons (Ossuary)
122 creatures vanquished.

Notes
Turn   | Place    | Note
-------+----------+-------------------------------------------
     0 | D:1      | Dreamer the Octopode Transmuter began the quest for the
                  | Orb.
     0 | D:1      | Reached XP level 1. HP: 13/13 MP: 3/3
   235 | D:1      | Reached XP level 2. HP: 7/18 MP: 5/5
   884 | D:1      | Reached skill level 1 in Stealth
  1305 | D:2      | Reached XP level 3. HP: 14/23 MP: 6/6
  1493 | D:2      | Found a radiant altar of Vehumet.
  2491 | D:3      | Reached XP level 4. HP: 24/28 MP: 7/7
  2684 | D:3      | Learned a level 4 spell: Ice Form
  2806 | D:3      | Found a snail-covered altar of Cheibriados.
  2812 | D:3      | Became a worshipper of Cheibriados the Contemplative
  2958 | D:3      | Reached skill level 4 in Unarmed Combat
  2958 | D:3      | Reached XP level 5. HP: 33/33 MP: 8/8
  3429 | D:3      | Reached * piety under Cheibriados
  3577 | D:4      | Found a shimmering blue altar of Sif Muna.
  3622 | D:4      | Found Voraff's Armour Boutique.
  3648 | D:4      | Found a sand-covered staircase.
  3653 | Ossuary  | Entered an ossuary
  3687 | Ossuary  | Reached XP level 6. HP: 38/38 MP: 9/9
  5304 | D:4      | Found Nontekoj's Magic Scroll Boutique.
  5338 | D:4      | Bought a scroll of identify for 28 gold pieces
  5338 | D:4      | Bought a scroll of identify for 28 gold pieces
  5338 | D:4      | Bought a scroll of identify for 28 gold pieces
  5383 | D:4      | Reached skill level 5 in Unarmed Combat
  5383 | D:4      | Reached XP level 7. HP: 43/43 MP: 10/10
  5576 | D:4      | Gained mutation: Your flesh is cold resistant. (rC+)
                  | [potion of mutation]
  5576 | D:4      | Gained mutation: Your system is resistant to poisons.
                  | (rPois) [potion of mutation]
  5576 | D:4      | Gained mutation: You passively map a small area around you.
                  | [potion of mutation]
  5598 | D:5      | Entered Level 5 of the Dungeon
  5664 | D:5      | Reached ** piety under Cheibriados
  5680 | D:5      | Found a sparkling altar of Nemelex Xobeh.
  6464 | D:5      | Found a runed translucent door.
  6465 | D:5      | Noticed Crazy Yiuf
  6477 | D:5      | Killed Crazy Yiuf
  6865 | D:6      | Found a staircase to the Ecumenical Temple.
  6913 | D:6      | Shot with an arrow by a centaur

Illustrated notes

Levels and vault maps discovered:
D:1:      minmay_arrival_four_houses, layout_loops_ring
D:2:      layout_basic, nicolae_vehumet_radiance
D:3:      layout_basic, cheibriados_altar_1
D:4:      layout_loops_corners, nicolae_sif_muna_little_library, serial_shops,
          kennysheep_mini_moat, shop, enter_ossuary_5, minivault_24
D:5:      layout_basic, serial_glass, glass_columns_a, glass_columns_a,
          glass_columns_a, glass_columns_a, glass_columns_b,
          nemelex_diamond_rough_becter, uniq_crazy_yiuf_cottage
D:6:      cheibrodos_steamvent, layout_cave_pools, temple_statues,
          serial_undead, serial_undead_e, serial_undead_b, serial_undead_d,
          serial_undead_b, portal_sewer_entry_f, palyth_stone_intersect,
          grunt_ministairs_10, uniq_menkaure

Skill      XL: |  1  2  3  4  5  6  7 |
---------------+----------------------+-----
Stealth        | 1 2 3 4 |  4.4
Transmutations | 3 4 |  4.9
Unarmed Combat | 4 5 |  5.0
Dodging        | 3 |  3.7
Fighting       | |  1.7
Spellcasting   | |  2.0

Action                   |  1- 3 |  4- 6 |  7- 9 || total
-------------------------+-------+-------+-------++-------
Melee: Unarmed           |    24 |       |       ||    24
       Constrict         |    29 |    53 |     7 ||    89
       Tentacles         |    18 |    36 |     8 ||    62
       Short sword       |    68 |   149 |    36 ||   253
       Punch             |     1 |     6 |       ||     7
  Use: Scroll            |       |     7 |     5 ||    12
       Potion            |       |       |     1 ||     1
 Stab: Sleeping          |     7 |    17 |     4 ||    28
Armor: Skin              |     7 |     5 |       ||    12
Dodge: Dodged            |    50 |    65 |    21 ||   136

Table legend: (Time is in decaauts)
 A = Elapsed time spent in this place.
 B = Non-inter-level travel time spent in this place.
 C = Inter-level travel time spent in this place.
 D = Time resting spent in this place.
 E = Time spent auto-exploring this place.
 F = Levels seen in this place.
 G = Mean time per level.
                   A        B        C        D        E       F      G
               +--------+--------+--------+--------+--------+-----+--------+
         Total |   7854 |   7779 |     75 |   3022 |   3244 |   7 | 1122.0 |
       Dungeon |   6456 |   6381 |     75 |   2208 |   3029 |   6 | 1076.0 |
       Ossuary |   1398 |   1398 |      0 |    814 |    214 |   1 | 1398.0 |
               +--------+--------+--------+--------+--------+-----+--------+

Top non-repeatable levels by time:
     D:5: 1572 daAuts
     D:3: 1420 daAuts
 Ossuary: 1398 daAuts
     D:1: 1291 daAuts
     D:4: 1183 daAuts
     D:2: 930 daAuts
     D:6: 58 daAuts
